| TOP OF THE 1ST |
|
Minnesota Twins batting - Pitching for Kansas City Royals : RHP Dan Petry
|
|
Pitching: RHP Dan Petry
|
|
|
Batting: RHB Lee Lacy
|
0-0: Ball 1-0: Called Strike 1-1: Called Strike 1-2: Ball 2-2: Ball 3-2: Base on Balls
|
|
Batting: RHB Steve Brye
|
0-0: Called Strike 0-1: Ball 1-1: Swinging Strike 1-2: Ground out U3 (Groundball, 34S, EV 75.6 MPH) Lee Lacy to second
|
|
Batting: RHB Larry Hisle
|
0-0: Foul Ball, location: 2F 0-1: Called Strike 0-2: Ball 1-2: Strikes out swinging
|
|
Batting: RHB Randy Edwards
|
0-0: Ball 1-0: Fly out, F8 (Flyball, 8LD, EV 88.1 MPH)
|
| Top of the 1st over - 0 runs, 0 hits, 0 errors, 1 left on base; Minnesota 0 - Kansas City 0 |
| BOTTOM OF THE 1ST |
|
Kansas City Royals batting - Pitching for Minnesota Twins : LHP Mauricio Valdivia
|
|
Pitching: LHP Mauricio Valdivia
|
|
|
Batting: LHB Rick Manning
|
0-0: Ball 1-0: Ball 2-0: Called Strike 2-1: Ground out 5-3 (Groundball, 56, EV 90.0 MPH)
|
|
Batting: RHB Rickey Henderson
|
0-0: Called Strike 0-1: Ball 1-1: Ground out 1-3 (Groundball, 34S, EV 65.6 MPH)
|
|
Batting: RHB Bob Horner
|
0-0: Called Strike 0-1: Foul Ball, location: 2F 0-2: Strikes out swinging
|
| Bottom of the 1st over - 0 runs, 0 hits, 0 errors, 0 left on base; Minnesota 0 - Kansas City 0 |
| TOP OF THE 2ND |
|
Minnesota Twins batting - Pitching for Kansas City Royals : RHP Dan Petry
|
|
Batting: RHB George Foster
|
0-0: Called Strike 0-1: Ball 1-1: Swinging Strike 1-2: Strikes out swinging
|
|
Batting: RHB Matt Cooper
|
0-0: SINGLE (Groundball, 4MD, EV 96.3 MPH)
|
|
Batting: RHB Chet Lemon
|
0-0: Fly out, F8 (Line Drive, 8LD, EV 89.4 MPH)
|
|
Batting: RHB Aurelio Rodriguez
|
0-0: Ball 1-0: Called Strike 1-1: Fly out, F8 (Flyball, 8RD, EV 101.3 MPH)
|
| Top of the 2nd over - 0 runs, 1 hit, 0 errors, 1 left on base; Minnesota 0 - Kansas City 0 |
| BOTTOM OF THE 2ND |
|
Kansas City Royals batting - Pitching for Minnesota Twins : LHP Mauricio Valdivia
|
|
Batting: LHB Alvin Davis
|
0-0: Ground out 6-3 (Groundball, 6, EV 103.1 MPH)
|
|
Batting: RHB Gary Carter
|
0-0: Ball 1-0: Ground out 6-3 (Groundball, 6, EV 79.4 MPH)
|
|
Batting: LHB Gene Richards
|
0-0: Called Strike 0-1: Swinging Strike 0-2: Ball 1-2: Reached on error, E9 (Flyball, 89D, EV 88.8 MPH)
|
|
Batting: RHB Adrian Monrreal
|
0-0: Ball 1-0: Ground out 6-3 (Groundball, 56, EV 80.0 MPH)
|
| Bottom of the 2nd over - 0 runs, 0 hits, 1 error, 1 left on base; Minnesota 0 - Kansas City 0 |
| TOP OF THE 3RD |
|
Minnesota Twins batting - Pitching for Kansas City Royals : RHP Dan Petry
|
|
Batting: LHB Ken Oberkfell
|
0-0: Ball 1-0: Called Strike 1-1: Fly out, F8 (Flyball, 8RD, EV 94.4 MPH)
|
|
Batting: RHB Lee Lacy
|
0-0: Ball 1-0: Ball 2-0: Called Strike 2-1: Ball 3-1: SINGLE (Line Drive, 6MD, EV 103.1 MPH)
|
|
Batting: RHB Steve Brye
|
0-0: Ball 1-0: Called Strike 1-1: Ball 2-1: Foul Ball, location: 2F 2-2: Ball 3-2: Foul Ball, location: 2F 3-2: Fly out, F8 (Flyball, 8RM, EV 92.5 MPH)
|
|
Batting: RHB Larry Hisle
|
0-0: Foul Ball, location: 2F 0-1: Fly out, F8 (Line Drive, 8RM, EV 86.9 MPH)
|
| Top of the 3rd over - 0 runs, 1 hit, 0 errors, 1 left on base; Minnesota 0 - Kansas City 0 |
| BOTTOM OF THE 3RD |
|
Kansas City Royals batting - Pitching for Minnesota Twins : LHP Mauricio Valdivia
|
|
Batting: LHB Jim Eisenreich
|
0-0: Ball 1-0: Called Strike 1-1: Ground out 6-3 (Groundball, 56D, EV 83.8 MPH)
|
|
Batting: RHB Lloyd McClendon
|
0-0: Swinging Strike 0-1: Called Strike 0-2: Strikes out swinging, 2-3 out at first.
|
|
Batting: LHB Rick Manning
|
0-0: Ball 1-0: SINGLE (Line Drive, 7S, EV 102.5 MPH)
|
|
Batting: RHB Rickey Henderson
|
0-0: Ball 1-0: Foul Ball, location: 2F 1-1: Foul Ball, location: 2F 1-2: Ball Rick Manning steals 2nd base (no throw) 2-2: Ball 3-2: Ground out 5-3 (Groundball, 56S, EV 70.0 MPH)
|
| Bottom of the 3rd over - 0 runs, 1 hit, 0 errors, 1 left on base; Minnesota 0 - Kansas City 0 |
| TOP OF THE 4TH |
|
Minnesota Twins batting - Pitching for Kansas City Royals : RHP Dan Petry
|
|
Batting: RHB Randy Edwards
|
0-0: Ball 1-0: Called Strike 1-1: Fly out, F8 (Flyball, 89M, EV 89.4 MPH)
|
|
Batting: RHB George Foster
|
0-0: Called Strike 0-1: Ball 1-1: Foul Ball, location: 2F 1-2: Foul Ball, location: 2F 1-2: Foul Ball, location: 2F 1-2: Ball 2-2: Ground out 5-3 (Groundball, 56, EV 91.9 MPH)
|
|
Batting: RHB Matt Cooper
|
0-0: Foul Ball, location: 2F 0-1: Called Strike 0-2: Ball 1-2: Fly out, F9 (Line Drive, 9D, EV 98.1 MPH)
|
| Top of the 4th over - 0 runs, 0 hits, 0 errors, 0 left on base; Minnesota 0 - Kansas City 0 |
| BOTTOM OF THE 4TH |
|
Kansas City Royals batting - Pitching for Minnesota Twins : LHP Mauricio Valdivia
|
|
Batting: RHB Bob Horner
|
0-0: Foul Ball, location: 2F 0-1: Ball 1-1: Foul Ball, location: 2F 1-2: Ball 2-2: Ground out 1-3 (Groundball, 13S, EV 70.0 MPH)
|
|
Batting: LHB Alvin Davis
|
0-0: Called Strike 0-1: Foul Ball, location: 2F 0-2: Ball 1-2: Ball 2-2: Ball 3-2: Base on Balls
|
|
Batting: RHB Gary Carter
|
0-0: Called Strike 0-1: Swinging Strike 0-2: Foul Ball, location: 2F 0-2: Grounds into double play, 6-4-3 (Groundball, 6, EV 78.8 MPH)
|
| Bottom of the 4th over - 0 runs, 0 hits, 0 errors, 0 left on base; Minnesota 0 - Kansas City 0 |
| TOP OF THE 5TH |
|
Minnesota Twins batting - Pitching for Kansas City Royals : RHP Dan Petry
|
|
Batting: RHB Chet Lemon
|
0-0: Ball 1-0: Ball 2-0: Fly out, F9 (Flyball, 9LS, EV 88.8 MPH)
|
|
Batting: RHB Aurelio Rodriguez
|
0-0: Called Strike 0-1: DOUBLE (Line Drive, 9LM, EV 110.6 MPH)
|
|
Pinch Runner at 2nd Jerry Mumphrey:
|
|
|
Batting: LHB Ken Oberkfell
|
0-0: Called Strike 0-1: Ball 1-1: Ball 2-1: Foul Ball, location: 2F 2-2: Ball 3-2: Base on Balls
|
|
Batting: RHB Lee Lacy
|
0-0: Reached on error, E5 (Groundball, 56S, EV 68.1 MPH) Jerry Mumphrey scores Ken Oberkfell to third
|
|
Batting: RHB Steve Brye
|
0-0: Ball 1-0: Ball 2-0: Called Strike 2-1: Ball 3-1: Base on Balls
|
|
Batting: RHB Larry Hisle
|
0-0: Ball 1-0: Ball 2-0: Foul Ball, location: 2F 2-1: Called Strike 2-2: Foul Ball, location: 2F 2-2: Ball 3-2: Strikes out swinging
|
|
Batting: RHB Randy Edwards
|
0-0: Swinging Strike 0-1: Foul Ball, location: 2F 0-2: Fly out, F8 (Flyball, 8RD, EV 110.0 MPH)
|
| Top of the 5th over - 1 run, 1 hit, 1 error, 3 left on base; Minnesota 1 - Kansas City 0 |
| BOTTOM OF THE 5TH |
|
Kansas City Royals batting - Pitching for Minnesota Twins : LHP Mauricio Valdivia
|
|
Now at 2B: Taylor Duncan
|
|
|
Batting: LHB Gene Richards
|
0-0: Called Strike 0-1: Ball 1-1: Ball 2-1: Ground out 5-3 (Groundball, 56, EV 97.5 MPH)
|
|
Batting: RHB Adrian Monrreal
|
0-0: Ball 1-0: Ball 2-0: SINGLE (Groundball, 56D, EV 87.5 MPH) (infield hit)
|
|
Batting: LHB Jim Eisenreich
|
0-0: Foul Ball, location: 2F 0-1: Ball 1-1: Foul Ball, location: 2F 1-2: Ground out 5-3 (Groundball, 56S, EV 68.8 MPH) Adrian Monrreal to second
|
|
Batting: RHB Lloyd McClendon
|
0-0: Ball 1-0: Ball 2-0: Called Strike 2-1: 2-RUN HOME RUN (Flyball, 7D, EV 100.0 MPH), Distance : 373 ft
|
|
Batting: LHB Rick Manning
|
0-0: Called Strike 0-1: Swinging Strike 0-2: Strikes out swinging
|
| Bottom of the 5th over - 2 runs, 2 hits, 0 errors, 0 left on base; Minnesota 1 - Kansas City 2 |
| TOP OF THE 6TH |
|
Minnesota Twins batting - Pitching for Kansas City Royals : RHP Dan Petry
|
|
Batting: RHB George Foster
|
0-0: Called Strike 0-1: Ball 1-1: Foul Ball, location: 2F 1-2: SINGLE (Line Drive, 3D, EV 105.6 MPH)
|
|
Batting: RHB Matt Cooper
|
0-0: Foul Ball, location: 2F 0-1: Bunted foul 0-2: Fly out, F7 (Flyball, 7, EV 93.1 MPH)
|
|
Batting: RHB Chet Lemon
|
0-0: Ball 1-0: Fielders Choice at 2nd, 5-4 (Groundball, 15, EV 88.1 MPH)
|
|
Batting: RHB Taylor Duncan
|
0-0: Ball 1-0: Ball 2-0: SINGLE (Line Drive, 34D, EV 98.1 MPH) Chet Lemon to second Runner from 2nd tries for 3rd, SAFE, no throw by RF
|
|
Batting: LHB Ken Oberkfell
|
0-0: Ball 1-0: Ball 2-0: Called Strike 2-1: Called Strike 2-2: Fly out, F9 (Flyball, 89M, EV 76.3 MPH)
|
| Top of the 6th over - 0 runs, 2 hits, 0 errors, 2 left on base; Minnesota 1 - Kansas City 2 |
| BOTTOM OF THE 6TH |
|
Kansas City Royals batting - Pitching for Minnesota Twins : LHP Mauricio Valdivia
|
|
Batting: RHB Rickey Henderson
|
0-0: Ball 1-0: Foul Ball, location: 2F 1-1: SOLO HOME RUN (Flyball, 89XD, EV 103.8 MPH), Distance : 402 ft
|
|
Batting: RHB Bob Horner
|
0-0: Ball 1-0: Ground out 6-3 (Groundball, 6S, EV 89.4 MPH)
|
|
Batting: LHB Alvin Davis
|
0-0: Ball 1-0: Swinging Strike 1-1: Fly out, F8 (Line Drive, 8LM, EV 88.8 MPH)
|
|
Batting: RHB Gary Carter
|
0-0: Ball 1-0: Called Strike 1-1: Ground out 6-3 (Groundball, 56D, EV 81.3 MPH)
|
| Bottom of the 6th over - 1 run, 1 hit, 0 errors, 0 left on base; Minnesota 1 - Kansas City 3 |
| TOP OF THE 7TH |
|
Minnesota Twins batting - Pitching for Kansas City Royals : RHP Dan Petry
|
|
Batting: RHB Lee Lacy
|
0-0: Foul Ball, location: 2F 0-1: Ball 1-1: Ground out 6-3 (Groundball, 6, EV 111.3 MPH)
|
|
Batting: RHB Steve Brye
|
0-0: Swinging Strike 0-1: Called Strike 0-2: Ball 1-2: Ball 2-2: SOLO HOME RUN (Flyball, 78XD, EV 100.6 MPH), Distance : 408 ft
|
|
Pitching: RHP Orel Hershiser
|
|
|
Batting: RHB Larry Hisle
|
0-0: Ball 1-0: Ball 2-0: Foul Ball, location: 2F 2-1: Foul Ball, location: 2F 2-2: Strikes out looking
|
|
Batting: RHB Randy Edwards
|
0-0: Swinging Strike 0-1: Foul Ball, location: 2F 0-2: Strikes out looking
|
| Top of the 7th over - 1 run, 1 hit, 0 errors, 0 left on base; Minnesota 2 - Kansas City 3 |
| BOTTOM OF THE 7TH |
|
Kansas City Royals batting - Pitching for Minnesota Twins : LHP Mauricio Valdivia
|
|
Batting: LHB Gene Richards
|
0-0: Ball 1-0: Ball 2-0: Ball 3-0: Base on Balls
|
|
Pitching: RHP Mark Fidrych
|
|
|
Batting: RHB Adrian Monrreal
|
0-0: Ball 1-0: Called Strike 1-1: Sac Bunt to 15 - play at first, batter OUT! 1-4 Gene Richards to second
|
|
Batting: LHB Jim Eisenreich
|
0-0: Intentional Walk
|
|
Batting: RHB Lloyd McClendon
|
0-0: Swinging Strike 0-1: Called Strike 0-2: Foul Ball, location: 2F 0-2: Ball 1-2: Foul Ball, location: 2F 1-2: Ball 2-2: Foul Ball, location: 2F 2-2: Ground out 4-3 (Groundball, 4S, EV 69.4 MPH) Gene Richards to third Jim Eisenreich to second
|
|
Batting: LHB Rick Manning
|
0-0: Called Strike 0-1: Ball Wild Pitch! Gene Richards scores Jim Eisenreich to third 1-1: Foul Ball, location: 2F 1-2: Strikes out swinging
|
| Bottom of the 7th over - 1 run, 0 hits, 0 errors, 1 left on base; Minnesota 2 - Kansas City 4 |
| TOP OF THE 8TH |
|
Minnesota Twins batting - Pitching for Kansas City Royals : RHP Orel Hershiser
|
|
Batting: RHB George Foster
|
0-0: Ball 1-0: Ball 2-0: Ball 3-0: Base on Balls
|
|
Batting: RHB Matt Cooper
|
0-0: Called Strike 0-1: Grounds into double play, 5-4-3 (Groundball, 56, EV 96.9 MPH)
|
|
Batting: RHB Chet Lemon
|
0-0: Called Strike 0-1: Foul Ball, location: 2F 0-2: Foul Ball, location: 2F 0-2: Ball 1-2: Ball 2-2: Ground out 5-3 (Groundball, 56, EV 106.3 MPH)
|
| Top of the 8th over - 0 runs, 0 hits, 0 errors, 0 left on base; Minnesota 2 - Kansas City 4 |
| BOTTOM OF THE 8TH |
|
Kansas City Royals batting - Pitching for Minnesota Twins : RHP Mark Fidrych
|
|
Batting: RHB Rickey Henderson
|
0-0: Ball 1-0: Swinging Strike 1-1: Foul Ball, location: 2F 1-2: Ball 2-2: Foul Ball, location: 2F 2-2: Strikes out swinging
|
|
Batting: RHB Bob Horner
|
0-0: Called Strike 0-1: Ball 1-1: Ground out 6-3 (Groundball, 6S, EV 68.1 MPH)
|
|
Batting: LHB Alvin Davis
|
0-0: Called Strike 0-1: Ball 1-1: DOUBLE (Line Drive, 89D, EV 98.8 MPH)
|
|
Batting: RHB Gary Carter
|
0-0: Swinging Strike 0-1: Swinging Strike 0-2: Fly out, F8 (Flyball, 78S, EV 87.5 MPH)
|
| Bottom of the 8th over - 0 runs, 1 hit, 0 errors, 1 left on base; Minnesota 2 - Kansas City 4 |
| TOP OF THE 9TH |
|
Minnesota Twins batting - Pitching for Kansas City Royals : RHP Orel Hershiser
|
|
Now at 2B: Alberto Gonzalez
|
|
|
Now in LF: Kerry Dineen
|
|
|
Batting: RHB Taylor Duncan
|
0-0: Called Strike 0-1: Foul Ball, location: 2F 0-2: Foul Ball, location: 2F 0-2: Ball 1-2: Ball 2-2: Ball 3-2: Base on Balls
|
|
Pitching: RHP Sandy Wihtol
|
|
|
Pinch Hitting: LHB Lloyd Moseby
|
0-0: Ball 1-0: Ball 2-0: Called Strike 2-1: Swinging Strike 2-2: Fielders Choice at 2nd, 4-6 (Groundball, 34, EV 86.9 MPH)
|
|
Batting: RHB Lee Lacy
|
0-0: Fly out, F4 (Popup, 4, EV 61.3 MPH)
|
|
Batting: RHB Steve Brye
|
0-0: Ball 1-0: SINGLE (Line Drive, 4M, EV 96.9 MPH) Lloyd Moseby to second
|
|
Batting: RHB Larry Hisle
|
0-0: Called Strike 0-1: Called Strike 0-2: Ball 1-2: Ball 2-2: Foul Ball, location: 2F 2-2: Fly out, F8 (Flyball, 8LS, EV 94.4 MPH)
|
| Top of the 9th over - 0 runs, 1 hit, 0 errors, 2 left on base; Minnesota 2 - Kansas City 4 |
|